 Dungeon Crawl Stone Soup version 0.15.2 (webtiles) character file.

16103 Miyamura the Spear-Bearer (level 12, -3/96 (97) HPs)
             Began as a Merfolk Ice Elementalist on Dec 13, 2014.
             Was a Priest of Okawaru.
             Slain by Maud
             ... wielding a +5 great mace of pain
              (6 damage)
             ... on Level 4 of the Lair of Beasts.
             The game lasted 01:33:33 (27205 turns).

Miyamura the Spear-Bearer (MfIE)                   Turns: 27205, Time: 01:33:35

HP  -3/96 (97)   AC 10     Str  9      XL: 12   Next: 34%
MP   8/28        EV 17     Int 19      God: Okawaru [***...]
Gold 234         SH  0     Dex 14      Spells:  4 memorised, 17 levels left

rFire  . . .     SeeInvis .     o - +2 spear
rCold  + . .     Clarity  .     C - +0 leather armour of Supple Strength {rElec rC+ MR+}
rNeg   . . .     rCorr    .     (no shield)
rPois  +         rRot     .     (helmet restricted)
rElec  +         Spirit   .     z - +2 cloak {+Inv}
SustAb .         Warding  .     y - +1 pair of gloves of Free Expression {Slay+5}
rMut   .         Stasis   .     B - +1 pair of boots
Gourm  .                        (no amulet)
MR     ++...                    r - ring of poison resistance
                                A - ring of protection from magic

@: very slightly contaminated, studying Maces & Flails, very resistant to
hostile enchantments, unstealthy
A: change form in water, swift swim, horns 1, forlorn
a: Heroism, Renounce Religion, Evoke Invisibility


You were on level 4 of the Lair of Beasts.
You worshipped Okawaru.
Okawaru was most pleased with you.
You were very hungry.

You visited 3 branches of the dungeon, and saw 16 of its levels.
You also visited: Labyrinth.

You collected 584 gold pieces.
You spent 350 gold pieces at shops.

Inventory:

Hand weapons
 o - a +2 spear (weapon)
 L - the +0 longbow of World Downfall {speed, MR+ Str+1 Dex-4}
   (You found it on level 3 of the Lair of Beasts)

   Attacks with this weapon are significantly faster.
   It affects your strength (+1).
   It affects your dexterity (-4).
   It affects your resistance to hostile enchantments.
Armour
 y - the +1 pair of gloves of Free Expression (worn) {Slay+5}
   (You bought it in a shop on level 10 of the Dungeon)

   It affects your accuracy and damage with ranged weapons and melee attacks
   (+5).
 z - a +2 cloak of darkness (worn)
 B - a +1 pair of boots (worn)
 C - the +0 leather armour of Supple Strength (worn) {rElec rC+ MR+}
   (You found it on level 1 of the Lair of Beasts)

   It protects you from cold.
   It insulates you from electricity.
   It affects your resistance to hostile enchantments.
 F - the +2 robe of Shielding {Str-2 Slay+2 SInv}
   (You found it on level 7 of the Dungeon)

   It affects your strength (-2).
   It affects your accuracy and damage with ranged weapons and melee attacks
   (+2).
   It enhances your eyesight.
Magical devices
 q - a wand of fire (1)
 t - a wand of cold (8)
 I - a wand of draining (2)
Comestibles
 c - 7 bread rations
 f - 5 meat rations
 D - 10 royal jellies
 J - 3 fruits
Scrolls
 g - 2 scrolls of remove curse
 i - 3 scrolls of amnesia
 l - 3 scrolls of recharging
 m - a scroll of enchant weapon
 n - a scroll of holy word
 K - a scroll of identify
Jewellery
 d - an uncursed amulet of stasis
 e - an uncursed ring of protection from cold
 h - the ring of Life {+/*Tele Dex+5}
   (You found it in a labyrinth)

   [ring of teleportation]

   It causes random teleportation, and can be evoked to teleport at will.
   It affects your dexterity (+5).
 j - a +5 ring of strength
 r - a ring of poison resistance (right hand)
 w - an uncursed ring of sustain abilities
 A - a ring of protection from magic (left hand)
Potions
 k - 4 potions of curing
 p - a potion of flight
 u - 2 potions of berserk rage
 x - 3 potions of resistance
 G - a potion of might
Books
 b - a book of Frost

   Spells                             Type                      Level
   *Freeze                            Ice                          1
   *Throw Frost                       Conjuration/Ice              2
   Ozocubu's Armour                   Charms/Ice                   3
   *Throw Icicle                      Conjuration/Ice              4
   *Summon Ice Beast                  Ice/Summoning                4
   Condensation Shield                Ice                          4
 s - a manual of Maces & Flails
 v - a book of Control

   Spells                             Type                      Level
   Control Teleport                   Charms/Translocation         4
   Control Undead                     Necromancy                   4
   Enslavement                        Hexes                        4
   Metabolic Englaciation             Hexes/Ice                    5
   Mass Confusion                     Hexes                        6
Miscellaneous
 a - a phial of floods (inert)


   Skills:
 + Level 9.7 Fighting
 + Level 12.2 Polearms
 + Level 11.5 Dodging
 - Level 2.1 Stealth
 + Level 8.5 Spellcasting
 - Level 0.7 Conjurations
 + Level 10.5 Ice Magic


You had 17 spell levels left.
You knew the following spells:

 Your Spells              Type           Power        Failure   Level  Hunger
a - Freeze                Ice            ####         1%          1    None
b - Throw Frost           Conj/Ice       ####..       1%          2    None
c - Summon Ice Beast      Ice/Summ       ####....     12%         4    ###....
d - Throw Icicle          Conj/Ice       ####....     12%         4    ###....


Dungeon Overview and Level Annotations

Branches:
Dungeon (11/15)            Temple (1/1) D:7             Orc (0/4) D:11
   Lair (4/8) D:11
  Swamp: Lair:3-6    Shoals: Lair:3-6     Snake: Lair:3-6    Spider: Lair:3-6

Altars:
Ashenzari
Cheibriados
Dithmenos
Elyvilon
Fedhas
Kikubaaqudgha
Makhleb
Nemelex Xobeh
Okawaru
Qazlal
Sif Muna
Trog
Vehumet
Xom
Yredelemnul
Zin
The Shining One

Shops:
D:5 *   D:10 }*

Annotations:
D:6 Menkaure
Lair:4 Maud


Innate Abilities, Weirdness & Mutations

You revert to your normal form in water.
You are very nimble and swift while swimming.
You have a pair of small horns on your head.
You have difficulty communicating with the divine.


Message History

Maud is severely wounded.
You hit Maud but do no damage.
Maud is severely wounded.
Your ice beast barely misses Maud.
You hit Maud.
Maud is severely wounded.
Maud hits you with a great mace of pain!
You writhe in agony.
* * * LOW HITPOINT WARNING * * *
You are too injured to fight recklessly!
Casting: Summon Ice Beast
Confirm with . or Enter, or press ? or * to list all spells.
A chill wind blows around you.
Your ice beast barely misses Maud.
Casting: Summon Ice Beast
Confirm with . or Enter, or press ? or * to list all spells.
A chill wind blows around you.
Maud hits you with a great mace of pain!!
* * * LOW HITPOINT WARNING * * *
You writhe in agony.
You die...

# ...# .#... #
.#######...#.
...#..#.<...
#......!.# #......##
##....Y%## #.#..<...#
###...@...#
#P...Y@...# ##
##.....Y..##.#
......#.#....#
......##...#.###
P.###......#.P##
.#...........P..###
.......#...........##
....................#


You could see Maud and 3 friendly ice beasts.

Vanquished Creatures
  A minotaur (Lab)
  A centaur warrior (D:9)
  The ghost of Rgib the Quickloader, an experienced CeHu of Trog (D:8)
  An unseen horror (D:11)
  2 cyclopes (D:11)
  A wolf spider (D:10)
  A black mamba (Lair:3)
  A gargoyle (D:11)
  2 komodo dragons (Lair:3)
  3 spiny frogs
  The ghost of Rgib the Skirmisher, an average GrBe of Trog (D:4)
  A basilisk (Lair:1)
  13 yaks
  A redback (Lair:4)
  A wyvern (D:8)
  A hungry ghost (D:10)
  A wraith (D:11)
  2 deep elf magi
  3 hippogriffs
  3 wargs
  2 porcupines
  A water moccasin (Lair:1)
  4 orc warriors
  A sky beast (D:5)
  An ice beast (D:7)
  2 black bears
  2 yellow wasps (D:11)
  4 ogres
  2 phantoms
  A necrophage (D:5)
  A manticore skeleton (D:10)
  A big kobold (D:11)
  Sigmund (D:5)
  Duvessa (D:4)
  3 centaurs
  A crocodile (Lair:1)
  6 giant frogs
  6 jellies
  4 scorpions
  3 wights (D:10)
  2 goliath beetles
  2 killer bees (D:8)
  Dowan (D:4)
  4 crimson imps
  An elf zombie (D:10)
  A giant frog zombie (D:7)
  A two-headed ogre zombie (D:11)
  10 iguanas
  6 orc priests
  7 hounds
  An elf skeleton (D:11)
  5 worker ants
  13 orc wizards
  A killer bee zombie (D:5)
  A big kobold zombie (D:10)
  An ogre skeleton (D:3)
  A hound skeleton (D:11)
  21 adders
  2 gnolls (D:5)
  18 green rats
  A worker ant zombie (D:6)
  A scorpion zombie (D:5)
  2 shadow imps
  A giant mite (D:5)
  An inept feature mimic (D:6)
  2 worms
  An adder skeleton (D:4)
  An adder zombie (D:3)
  2 orc skeletons
  3 giant geckos
  6 oozes
  43 orcs
  5 ball pythons
  16 bats
  A bat skeleton (D:8)
  5 giant cockroaches
  20 hobgoblins
  8 jackals
  6 quokkas
  2 giant gecko skeletons
  10 giant newts
  2 giant spores
  9 goblins
  2 goblin skeletons
  A goblin zombie (D:3)
  A hobgoblin skeleton (D:6)
  15 kobolds
  23 rats
  A rat skeleton (D:4)
  2 ballistomycetes
380 creatures vanquished.

Vanquished Creatures (collateral kills)
  Erica (D:10)
  An ugly thing (D:8)
  A hydra skeleton (D:11)
  2 yaks
  An orc warrior (D:9)
  An ogre (D:10)
  2 necrophages
  A centaur (D:9)
  A crocodile (Lair:3)
  4 killer bees (D:8)
  3 wights (D:10)
  An orc wizard (D:9)
  A worker ant (D:8)
  A giant gecko (D:11)
  3 orcs (D:11)
  2 kobolds
26 creatures vanquished.

Vanquished Creatures (others)
  28 ice beasts
28 creatures vanquished.

Grand Total: 434 creatures vanquished

Notes
Turn   | Place    | Note
--------------------------------------------------------------
     0 | D:1      | Miyamura, the Merfolk Ice Elementalist, began the quest for the Orb.
     0 | D:1      | Reached XP level 1. HP: 13/13 MP: 3/3
   159 | D:1      | Reached XP level 2. HP: 18/20 MP: 2/4
   399 | D:1      | Reached skill level 1 in Fighting
   882 | D:1      | Learned a level 2 spell: Throw Frost
   906 | D:2      | Reached XP level 3. HP: 21/26 MP: 3/6
  1451 | D:2      | Reached XP level 4. HP: 32/32 MP: 8/8
  1751 | D:3      | Reached skill level 1 in Polearms
  1984 | D:3      | Reached skill level 4 in Ice Magic
  3575 | D:4      | Reached XP level 5. HP: 32/38 MP: 9/9
  4093 | D:4      | HP: 1/39 [poisoned by a worker ant]
  4563 | D:4      | Noticed an ogre
  4663 | D:3      | Reached XP level 6. HP: 36/46 MP: 12/12
  4895 | D:4      | Noticed Duvessa
  5003 | D:4      | Noticed Dowan
  5007 | D:4      | Killed Duvessa
  5245 | D:4      | Killed Dowan
  5519 | D:4      | Reached XP level 7. HP: 52/52 MP: 10/15
  5570 | D:4      | Reached skill level 5 in Ice Magic
  5810 | D:4      | Noticed Rgib's ghost (average GrBe)
  5964 | D:4      | Killed Rgib's ghost
  5964 | D:4      | Reached skill level 5 in Dodging
  6711 | D:5      | Entered Level 5 of the Dungeon
  6711 | D:5      | Found a radiant altar of Vehumet.
  6859 | D:5      | Reached skill level 5 in Polearms
  7207 | D:5      | Reached XP level 8. HP: 50/60 MP: 11/18
  7459 | D:4      | Killed an ogre
  7682 | D:5      | Reached skill level 6 in Dodging
  7785 | D:5      | Noticed Sigmund
  7799 | D:5      | Killed Sigmund
  8289 | D:5      | Found a glowing golden altar of the Shining One.
  8303 | D:5      | Learned a level 4 spell: Summon Ice Beast
  8308 | D:5      | Learned a level 4 spell: Throw Icicle
  8655 | D:5      | Found a snail-covered altar of Cheibriados.
  8796 | D:5      | Found Biuniot's Assorted Antiques.
  8805 | D:5      | Bought a pair of gloves for 94 gold pieces
  9785 | D:6      | Found a blossoming altar of Fedhas.
  9835 | D:6      | Found a shimmering altar of Xom.
  9939 | D:6      | Noticed Menkaure
  9960 | D:5      | Reached skill level 5 in Fighting
 10565 | D:6      | Found Fah Vyf's Antique Weapon Boutique.
 10571 | D:6      | Fah Vyf's Antique Weapon Boutique was a mimic.
 11263 | D:7      | Reached XP level 9. HP: 67/67 MP: 13/20
 11297 | D:7      | Found a bloodstained altar of Trog.
 11311 | D:7      | Got a slimy robe
 11336 | D:6      | Identified the +2 robe of Shielding {Str-2 Slay+2 SInv} (You found it on level 7 of the Dungeon)
 11848 | D:7      | Reached skill level 7 in Polearms
 12427 | D:6      | Reached skill level 5 in Spellcasting
 13139 | D:7      | Found a staircase to the Ecumenical Temple.
 13175 | Temple   | Entered the Ecumenical Temple
 13398 | Temple   | Became a worshipper of Warmaster Okawaru
 13680 | D:8      | Got an opalescent robe
 13691 | D:8      | Identified the cursed -5 robe of Esiekhlon {rPois Str+3 Stlth+} (You found it on level 8 of the Dungeon)
 14175 | D:8      | Noticed Rgib's ghost (experienced CeHu)
 14467 | D:8      | Killed Rgib's ghost
 14467 | D:8      | Reached skill level 8 in Polearms
 15013 | D:8      | Noticed a cyan ugly thing
 15182 | D:8      | Acquired Okawaru's first power
 15182 | D:8      | Reached XP level 10. HP: 76/76 MP: 19/23
 15393 | D:8      | Killed a cyan ugly thing
 15393 | D:8      | Reached skill level 9 in Polearms
 15402 | D:8      | Gained mutation: You have difficulty communicating with the divine. [mutagenic meat]
 15477 | D:8      | Gained mutation: You are frail (-10% HP). [mutagenic meat]
 15478 | D:8      | Gained mutation: You have a pair of small horns on your head. [mutagenic meat]
 15479 | D:8      | Lost mutation: You are frail (-10% HP). [mutagenic meat]
 16386 | D:9      | Noticed a centaur warrior
 17370 | D:9      | Killed a centaur warrior
 17451 | D:10     | Entered Level 10 of the Dungeon
 17907 | D:10     | Found Ghul's Assorted Antiques.
 17931 | D:10     | Bought a pair of fine gloves for 256 gold pieces
 17942 | D:10     | Identified the +1 pair of gloves of Free Expression {Slay+5} (You bought it in a shop on level 10 of the Dungeon)
 17969 | D:10     | Found Juatih's Gadget Shoppe.
 17993 | D:10     | Noticed Erica
 18023 | D:10     | Killed Erica
 18023 | D:10     | Reached skill level 10 in Polearms
 18173 | D:10     | Noticed a wolf spider
 18183 | D:10     | Killed a wolf spider
 18183 | D:10     | Reached XP level 11. HP: 31/85 MP: 17/25
 18597 | D:10     | Reached skill level 10 in Dodging
 19060 | D:11     | Noticed an unseen horror
 19079 | D:11     | Killed an unseen horror
 19129 | D:11     | Found a labyrinth entrance.
 19282 | Lab      | Entered a labyrinth
 22584 | Lab      | Noticed a minotaur
 22614 | Lab      | HP: 4/129 [minotaur/glowing long sword (29)]
 22615 | Lab      | Killed a minotaur
 22970 | Lab      | Got a wavering pewter ring
 23347 | D:11     | Reached skill level 11 in Polearms
 23773 | D:11     | Found a staircase to the Lair.
 23837 | D:11     | Found a staircase to the Orcish Mines.
 24263 | D:11     | Reached skill level 10 in Ice Magic
 24382 | Lair:1   | Entered Level 1 of the Lair of Beasts
 24421 | Lair:1   | Got an ancient leather armour
 24432 | Lair:1   | Identified the cursed +0 leather armour of Supple Strength {rElec rC+ MR+} (You found it on level 1 of the Lair of Beasts)
 24788 | Lair:1   | Reached XP level 12. HP: 88/94 MP: 28/28
 25248 | Lair:2   | Identified the ring of Life {+/*Tele Dex+5} (You found it in a labyrinth)
 26367 | Lair:3   | Got a pitted longbow
 26368 | Lair:3   | Identified the cursed +0 longbow of World Downfall {speed, MR+ Str+1 Dex-4} (You found it on level 3 of the Lair of Beasts)
 26483 | Lair:3   | Reached skill level 12 in Polearms
 26985 | Lair:4   | Noticed Maud
 27205 | Lair:4   | HP: 3/96 [Maud/great mace of pain (24)]
 27205 | Lair:4   | Slain by Maud

Action                   |  1- 3 |  4- 6 |  7- 9 | 10-12 || total
-------------------------+-------+-------+-------+-------++-------
Melee: Whip              |    49 |       |       |       ||    49
       Spear             |    12 |   181 |   488 |   699 ||  1380
 Cast: Freeze            |    44 |    63 |   178 |    56 ||   341
       Throw Frost       |     1 |    18 |    31 |    19 ||    69
       Summon Ice Beast  |       |       |     4 |    68 ||    72
       Throw Icicle      |       |       |       |     3 ||     3
Evoke: Wand              |       |       |     5 |    12 ||    17
       Phial of floods   |       |       |       |     1 ||     1
  Use: Scroll            |       |     6 |    17 |    10 ||    33
       Potion            |       |     1 |     5 |    12 ||    18
 Stab: Sleeping          |     2 |     5 |     8 |     7 ||    22
       Distracted        |       |     1 |     1 |     3 ||     5
  Eat: Chunk             |     1 |    14 |    21 |    26 ||    62
       Pizza             |       |     1 |       |     1 ||     2
       Meat ration       |       |       |     1 |     3 ||     4
       Beef jerky        |       |       |     3 |     1 ||     4
       Royal jelly       |       |       |     1 |     2 ||     3
       Fruit             |       |       |       |     4 ||     4
